 Dungeon Crawl Stone Soup version 0.18-b1-14-g029dad2 (webtiles) character file.

30 Alarkh the Poker (level 3, -1/27 HPs)
             Began as a Mummy Skald on Apr 30, 2016.
             Slain by a jackal (2 damage)
             ... on level 2 of the Dungeon.
             The game lasted 00:01:21 (604 turns).

Alarkh the Poker (Mummy Skald)                       Turns: 604, Time: 00:01:22

Health: -1/27      AC:  3    Str: 15    XL:     3   Next: 3%
Magic:  6/6        EV: 10    Int: 12    God:
Gold:   54         SH:  5    Dex: 11    Spells: 3 memorised, 1 level left

rFire  x . .     SeeInvis .     a - +0 spear
rCold  + . .     Gourm    .     b - +0 leather armour
rNeg   + + +     Faith    .     d - +2 buckler
rPois  ∞         Spirit   .     (no helmet)
rElec  .         Dismiss  .     (no cloak)
rCorr  .         Reflect  .     (no gloves)
SustAt .         Harm     .     (no boots)
MR     .....                    (no amulet)
Stlth  +.........               (no ring)
                                (no ring)

@: about to teleport, not resistant to hostile enchantments, very unstealthy
A: no food or potions, fire vulnerability, cold resistance 1, negative energy
resistance 3, torment resistance, unbreathing
a: no special abilities


You were on level 2 of the Dungeon.
You were not hungry.

You visited 1 branch of the dungeon, and saw 2 of its levels.

You collected 54 gold pieces.

Inventory:

Hand Weapons
 a - a +0 spear (weapon)
Armour
 b - a +0 leather armour (worn)
 d - a +2 buckler (worn)
Scrolls
 e - 2 scrolls of teleportation
 f - a scroll of recharging {unknown}
 g - a scroll of immolation {unknown}
Books
 c - a book of Battle

   Spells                             Type                      Level
   a - Infusion                       Charms                       1
   b - Shroud of Golubria             Charms/Translocation         2
   c - Song of Slaying                Charms                       2
   d - Spectral Weapon                Hexes/Charms                 3
   e - Regeneration                   Charms/Necromancy            3


   Skills:
 - Level 2.0 Fighting
 + Level 2.9 Polearms
 - Level 0.7 Armour
 - Level 0.7 Dodging
 - Level 2.0 Spellcasting
 - Level 2.4 Charms


You had one spell level left.
You knew the following spells:

 Your Spells              Type           Power        Failure   Level  Hunger
a - Infusion              Chrm           #...         24%         1    N/A
b - Song of Slaying       Chrm           #.......     38%         2    N/A
c - Shroud of Golubria    Chrm/Tloc      #.........   58%         2    N/A

Dungeon Overview and Level Annotations

Branches:
Dungeon (2/15)

Altars:


Innate Abilities, Weirdness & Mutations

You do not eat or drink.
Your flesh is vulnerable to fire.
You are immune to poison.
Your flesh is cold resistant.
You are immune to negative energy.
You are immune to unholy pain and torment.
You can survive without breathing.


Message History

* * * LOW HITPOINT WARNING * * *
You block the bat's attack. The bat hits you but does no damage.
You block the bat's attack.
Found 14 gold pieces.
The bat barely misses you. You block the bat's attack. x2
The bat barely misses you. The bat closely misses you. The bat misses you.
The bat hits you but does no damage. You block the bat's attack.
The bat completely misses you.
You see here 3 scrolls of teleportation.
e - 3 scrolls of teleportation You block the bat's attack.
The bat hits you.
* * * LOW HITPOINT WARNING * * *
You block the bat's attack. The bat hits you but does no damage.
The bat closely misses you.
Read which item? (? for menu, Esc to quit)
As you read the scroll of teleportation, it crumbles to dust.
You feel strangely unstable. The bat barely misses you. x2
The bat hits you but does no damage. The bat barely misses you. x2
The jackal bites you.
You die...

#.........##...#
......###....#
............#
..........g$#
#........K..#
.[..........#
##..........#######
#...........h.b..#
#..........hb@...#
....#######rb....#
###. .........# #
####.....$#
#..<...# #.....$#
########


You could see 2 jackals, 3 bats, a kobold and a rat.

Vanquished Creatures
  2 giant geckos (D:1)
  A bat (D:1)
  2 giant cockroaches (D:1)
  2 goblins (D:1)
  4 hobgoblins (D:1)
  5 jackals
  5 kobolds (D:1)
  2 rats (D:1)
23 creatures vanquished.

Notes
Turn   | Place    | Note
--------------------------------------------------------------
     0 | D:1      | Alarkh the Mummy Skald began the quest for the Orb.
     0 | D:1      | Reached XP level 1. HP: 16/16 MP: 3/3
   183 | D:1      | Reached XP level 2. HP: 20/22 MP: 5/5
   518 | D:1      | Reached XP level 3. HP: 27/27 MP: 3/6
   522 | D:1      | Learned a level 2 spell: Song of Slaying
   525 | D:1      | Learned a level 2 spell: Shroud of Golubria
   599 | D:2      | HP: 1/27 [bat (1)]
   604 | D:2      | Slain by a jackal

Skill      XL: |  1 |
---------------+----+-----
Polearms       | 2 |  2.9
Fighting       | |  2.0
Armour         | |  0.7
Dodging        | |  0.7
Spellcasting   | |  2.0
Charms         | |  2.4

Action                   || total
-------------------------++-------
Melee: Spear             ||    71
 Cast: Infusion          ||     9
  Use: Scroll            ||     2
 Stab: Sleeping          ||     1
Armor: Leather armour    ||    21
Dodge: Dodged            ||    51
Block: Buckler           ||    20
